 Dungeon Crawl Stone Soup version 0.27-a0-1565-gad902ab807 (webtiles) character file.

Game seed: 1366042101129277630

247106 SkeletonJelly the Warrior (level 19, -4/159 HPs)
             Began as a Gnoll Wanderer on July 8, 2021.
             Was the Champion of Okawaru.
             Slain by a vault warden (23 damage)
             ... on level 1 of the Vaults on July 17, 2021.
             The game lasted 02:29:19 (53674 turns).

SkeletonJelly the Warrior (Gnoll Wanderer)         Turns: 53674, Time: 02:29:20

Health: -4/159     AC: 35    Str: 22    XL:     19   Next: 53%
Magic:  2/35       EV: 21    Int: 14    God:    Okawaru [******]
Gold:   3509       SH: 17    Dex: 27    Spells: 22/43 levels left

rFire    + + .     SeeInvis +   x - +10 falchion "Kircheike" {protect, Will+}
rCold    + . .     Faith    .   f - +2 kite shield of the Sun {rElec}
rNeg     + + .     Spirit   .   Q - +7 Kryia's mail coat {PotionHeal*2 rC+}
rPois    +         Reflect  .   m - +2 helmet {SInv}
rElec    +         Harm     .   u - +2 cloak
rCorr    +         Rampage  .   T - +2 pair of gloves {Stlth+}
Will     ++...                  z - +0 pair of boots of Courage {rN+ Dex+3}
Stlth    ++++++....             N - macabre finger necklace {rN+}
HPRegen  0.36/turn              D - +6 ring of dexterity
MPRegen  0.24/turn              U - ring of Lugonu's Reproof {rPois rF+ Int+3 Dex+2}
                                b - ring of Nonech {rF+ rCorr Dex+6 Slay+2}

@: under a protective aura
A: fangs 1, strong nose, distributed training
}: 2/15 runes: barnacled, gossamer
a: Renounce Religion, Heroism, Finesse


You were on level 1 of the Vaults.
You worshipped Okawaru.
Okawaru was exalted by your worship.
You visited 7 branches of the dungeon, and saw 33 of its levels.
You also visited: Bailey and Volcano.

You collected 6057 gold pieces.
You spent 2548 gold pieces at shops.

Inventory:

Hand Weapons
 x - the +10 falchion "Kircheike" (weapon) {protect, Will+}
   (You found it on level 4 of the Dungeon)

   It grants its wielder temporary protection when it strikes (+7 to AC).
   Will:      It increases your willpower.
 E - a +2 whip of electrocution
Missiles
 g - 87 poisoned darts
 w - 43 javelins
 H - 2 curare-tipped darts
 R - 7 throwing nets
Armour
 f - the +2 kite shield of the Sun (worn) {rElec}
   (Okawaru gifted it to you on level 14 of the Dungeon)

   rElec:     It insulates you from electricity.
 m - a +2 helmet of see invisible (worn)
 u - a +2 cloak (worn)
 z - the +0 pair of boots of Courage (worn) {rN+ Dex+3}
   (You acquired it on level 1 of the Shoals)

   Dex:       It affects your dexterity (+3).
   rN:        It protects you from negative energy.
 M - a +2 pair of gloves of archery
 Q - the +7 Kryia's mail coat (worn) {PotionHeal*2 rC+}
   (Okawaru gifted it to you on level 4 of the Lair of Beasts)

   Potions are twice as effective at healing its wearer.
   rC:        It protects you from cold.
 T - a +2 pair of gloves of stealth (worn)
Jewellery
 b - the ring of Nonech (on amulet) {rF+ rCorr Dex+6 Slay+2}
   (You found it on level 4 of the Spider Nest)

   [ring of dexterity]

   Dex:       It affects your dexterity (+6).
   Slay:      It affects your accuracy & damage with ranged weapons and melee
   (+2).
   rF:        It protects you from fire.
   rCorr:     It protects you from acid and corrosion.
 D - a +6 ring of dexterity (left hand)
 N - the macabre finger necklace (around neck) {rN+}
   (You found it on level 4 of the Spider Nest)

   [amulet of nothing]

   It enables you to equip an extra ring.
   rN:        It protects you from negative energy.
 U - the ring of Lugonu's Reproof (right hand) {rPois rF+ Int+3 Dex+2}
   (You found it on level 10 of the Dungeon)

   [ring of poison resistance]

   Int:       It affects your intelligence (+3).
   Dex:       It affects your dexterity (+2).
   rF:        It protects you from fire.
   rPois:     It protects you from poison.
Wands
 e - a wand of digging (8)
 h - a wand of flame (37)
 A - a wand of paralysis (5)
 F - a wand of iceblast (20)
 L - a wand of acid (4)
Scrolls
 d - 12 scrolls of teleportation
 j - a scroll of magic mapping
 l - 4 scrolls of enchant weapon
 p - 3 scrolls of blinking
 r - 3 scrolls of silence
 v - 8 scrolls of fog
 B - 18 scrolls of identify
 G - 6 scrolls of amnesia
 P - 5 scrolls of fear
 S - 3 scrolls of enchant armour
 W - 2 scrolls of brand weapon
Potions
 a - 5 potions of berserk rage
 i - 3 potions of magic
 k - 4 potions of might
 n - 3 potions of cancellation
 o - 2 potions of resistance
 q - a potion of heal wounds
 s - a potion of attraction
 y - 3 potions of brilliance
 C - 3 potions of lignification
 I - 2 potions of invisibility
 J - 4 potions of mutation
 K - 10 potions of ambrosia
 O - 7 potions of curing
 Y - 4 potions of flight
 Z - a potion of haste
Miscellaneous
 c - a phantom mirror
 t - a condenser vane
 V - a lightning rod (4/4)
 X - a phial of floods


   Skills:
 + Level 16.7 Fighting
 + Level 12.8 Short Blades
 + Level 12.8 Long Blades
 + Level 12.8 Axes
 + Level 12.8 Maces & Flails
 + Level 12.8 Polearms
 + Level 12.8 Staves
 + Level 12.8 Slings
 + Level 13.5 Bows
 + Level 12.8 Crossbows
 + Level 12.8 Throwing
 + Level 12.8 Armour
 + Level 12.8 Dodging
 + Level 12.8 Stealth
 + Level 13.5 Shields
 + Level 12.8 Unarmed Combat
 + Level 12.8 Spellcasting
 + Level 11.0 Conjurations
 + Level 11.0 Hexes
 + Level 11.0 Summonings
 + Level 11.0 Necromancy
 + Level 11.0 Translocations
 + Level 11.0 Transmutations
 + Level 11.0 Fire Magic
 + Level 11.0 Ice Magic
 + Level 11.0 Air Magic
 + Level 11.0 Earth Magic
 + Level 11.0 Poison Magic
 + Level 13.8 Invocations
 + Level 12.8 Evocations


You had 22 spell levels left.
You knew the following spells:

 Your Spells              Type           Power      Damage    Failure   Level
a - Manifold Assault      Tloc           39%        N/A       6%          5
d - Tukima's Dance        Hex            39%        N/A       1%          3
g - Summon Guardian Gole  Hex/Summ       39%        N/A       1%          3
m - Mephitic Cloud        Conj/Pois/Air  39%        N/A       1%          3
q - Gell's Gravitas       Tloc           19%        N/A       1%          3
x - Olgreb's Toxic Radia  Pois           39%        N/A       1%          4

Your spell library contained the following spells:

 Spells                   Type           Power      Damage    Failure   Level
 Animate Skeleton         Necr           78%        N/A       1%          1
 Apportation              Tloc           78%        N/A       1%          1
 Corona                   Hex            43%        N/A       1%          1
 Magic Dart               Conj           100%       1d8       1%          1
 Pain                     Necr           100%       1d9       1%          1
 Sandblast                Erth           78%        2d17      1%          1
 Sting                    Tmut/Pois      100%       1d8       1%          1
 Summon Small Mammal      Summ           100%       N/A       1%          1
 Blink                    Tloc           N/A        N/A       1%          2
 Ensorcelled Hibernation  Hex/Ice        78%        N/A       1%          2
 Passwall                 Tmut/Erth      32%        N/A       1%          2
 Poisonous Vapours        Pois/Air       78%        N/A       1%          2
 Searing Ray              Conj           78%        3d6       1%          2
 Slow                     Hex            39%        N/A       1%          2
 Static Discharge         Conj/Air       39%        N/A       1%          2
 Confusing Touch          Hex            39%        N/A       1%          3
 Lesser Beckoning         Tloc           19%        N/A       1%          3
 Ozocubu's Armour         Ice            39%        N/A       1%          3
 Spider Form              Tmut/Pois      19%        N/A       1%          3
 Swiftness                Air            39%        N/A       1%          3
 Teleport Other           Tloc           39%        N/A       1%          3
 Vampiric Draining        Necr           19%        2d8       1%          3
 Animate Armour           Summ/Erth      78%        N/A       1%          4
 Fulminant Prism          Conj/Hex       19%        3d11      1%          4
 Blade Hands              Tmut           19%        N/A       6%          5
 Freezing Cloud           Conj/Ice/Air   19%        6-21      6%          5
 Lightning Bolt           Conj/Air       19%        1d34      6%          5
 Yara's Violent Unravell  Hex/Tmut       19%        3d9       6%          5
 Dispersal                Tloc           19%        N/A       32%         6
 Invisibility             Hex            19%        N/A       32%         6
 Iron Shot                Conj/Erth      19%        9d4       32%         6
 Ozocubu's Refrigeration  Ice            19%        4d8       87%         7
 Maxwell's Capacitive Co  Air            19%        ∞         100%        8


Dungeon Overview and Level Annotations

Branches:
Dungeon (15/15)            Temple (1/1) D:5            Lair (6/6) D:9
 Shoals (4/4) Lair:3       Spider (4/4) Lair:2        Slime (0/5) Lair:6
    Orc (2/2) D:12            Elf (0/3) Orc:2        Vaults (1/5) D:13
 Depths (0/5) D:15         Bailey (visited)         Volcano (visited)

Altars:
Ashenzari
Cheibriados
Dithmenos
Elyvilon
Fedhas
Gozag
Hepliaklqana
Kikubaaqudgha
Makhleb
Nemelex Xobeh
Okawaru
Qazlal
Ru
Sif Muna
Trog
Uskayaw
Vehumet
Wu Jian
Xom
Yredelemnul
Zin
The Shining One
Jiyva

Shops:
D:12 *   Orc:2 :*[*=   Shoals:1 ?

Portals:
Pandemonium: Orc:2

Annotations:
D:7 1 runed translucent door, indyram44's ghost, novice DsBe
D:12 3 runed translucent doors, TerrariaFan's ghost, journeyman MiFi
Shoals:1 3 runed translucent doors
Shoals:3 2 transporters, epicjoe's ghost, journeyman MiFi


Innate Abilities, Weirdness & Mutations

You have very sharp teeth.
Your uncanny sense of smell can sniff out nearby items.
Your experience applies equally to all skills.


Message History

The ironbound preserver completely misses you.
The vault warden says, "Why is everything spinning?"
You hear a shout!
You now have 6/35 mp.
You strike the helpless ironbound preserver from behind!
You slash the ironbound preserver!
You bite the ironbound preserver, but do no damage.
The ironbound preserver is heavily wounded.
You block the ironbound preserver's attack.
The ironbound preserver is engulfed in noxious fumes.
The ironbound preserver appears confused.
The ironbound preserver barely misses you.
You riposte.
You slash the ironbound preserver! You bite the ironbound preserver.
The ironbound preserver is heavily wounded.
You hit the ironbound preserver. You bite the ironbound preserver.
The ironbound preserver is severely wounded.
The ironbound preserver mumbles some strange words.
The ironbound preserver is healed somewhat.
The ironbound preserver is engulfed in noxious fumes.
The ironbound preserver appears confused.
You block the ironbound preserver's attack.
Things that are here:
a +0 arbalest; 14 bolts You slash the ironbound preserver!
You bite the ironbound preserver.
The ironbound preserver is almost dead.
The ironbound preserver is engulfed in noxious fumes.
The ironbound preserver completely misses you.
You riposte.
You slash the ironbound preserver! You bite the ironbound preserver.
The ironbound preserver is severely wounded.
The vault warden hits you with a +4 vorpal war axe!!
* * * LOW HITPOINT WARNING * * *
x2 You take 20 damage, and have 16/159 hp.
You hit the vault warden.
The vault warden is severely wounded.
The ironbound preserver gestures wildly while chanting.
The ironbound preserver is healed somewhat.
The ironbound preserver is engulfed in noxious fumes.
The ironbound preserver appears confused.
The ironbound preserver hits you but does no damage.
You slash the ironbound preserver!
The ironbound preserver is almost dead.
The runic seal fades away.
The vault warden seems less confused.
You block the vault warden's attack.
You closely miss the vault warden.
The vault warden is severely wounded.
You block the ironbound preserver's attack. x2
You hit the vault warden. Your bite misses the vault warden.
The vault warden is severely wounded.
You kill the ironbound preserver!
Okawaru accepts your kill.
The vault warden activates a sealing rune.
The vault warden hits you but does no damage.
Items here: $ ) [ †.
The vault warden looks more healthy.
You slash the vault warden!
The vault warden is almost dead.
You block the vault warden's attack.
The ironbound preserver splashes around in the water.
You block the vault warden's attack.
Casting: Mephitic Cloud (safe; 1% risk of failure)
Confirm with . or Enter, or press ? or * to list all spells.
You begin to radiate toxic energy.
The vault warden is poisoned.
The ironbound preserver looks even sicker.
The vault warden looks even sicker.
The vault warden misses you.
You riposte.
You hit the vault warden but do no damage.
The vault warden is almost dead.
You now have 5/35 mp.
Casting: Olgreb's Toxic Radiance (mildly dangerous; 1% risk of failure)
Confirm with . or Enter, or press ? or * to list all spells.
Aiming: Mephitic Cloud (safe; 1% risk of failure)
Press: ? - help, Shift-Dir - straight line The ball explodes into a vile cloud!
The stinking cloud engulfs you but does no damage.
The stinking cloud engulfs the vault warden but does no damage.
The vault warden is almost dead.
The stinking cloud engulfs the ironbound preserver but does no damage.
The ironbound preserver is almost dead.
Your toxic aura wanes.
You hear a shout!
A vault sentinel opens the door.
The vault warden is engulfed in noxious fumes.
The vault warden misses you.
An ironbound preserver comes into view. It is wielding a +0 flail.
You hear a shout!
You now have 2/35 mp.
The vault warden blocks your attack.
The vault warden is almost dead.
The vault sentinel unwields a +0 long sword.
The vault sentinel wields a +0 arbalest.
The vault sentinel shoots a bolt.
You block the bolt.
The ironbound preserver is engulfed in noxious fumes.
The vault warden blocks your attack.
You bite the vault warden, but do no damage.
The vault warden is almost dead.
You feel like a meek peon again.
The vault warden is engulfed in noxious fumes.
The vault warden hits you with a +4 vorpal war axe!!
You die...

###
####.####
#≈≈≈.≈≈≈#
#≈....)≈#
##..§.§..##
#.....§...#
##..§§p○.##
#≈≈.@p≈≈#
#≈≈.☼☼°≈#
####.####
########'##
#.......pp#
#.........#
#...∩.....#
#.........#
#.........#


You could see 2 ironbound preservers, a vault warden (very poisoned) and a vault
sentinel.

Vanquished Creatures
  A titan (Shoals:4)
  Polyphemus (Shoals:4)
  A fire giant (Vaults:1)
  7 emperor scorpions
  4 ghost moths (Spider:4)
  A vault warden (Vaults:1)
  4 ironbound preservers (Vaults:1)
  Nessos (D:12)
  8 slime creatures
  Azrael (D:12)
  2 dire elephants
  3 entropy weavers
  4 spark wasps
  6 merfolk javelineers
  2 yaktaur captains (Vaults:1)
  Josephine (Spider:1)
  8 merfolk impalers
  Harold (D:8)
  10 hydras
  2 ironbound frosthearts (Vaults:1)
  A death knight (D:13)
  2 ogre magi
  An alligator snapping turtle (Shoals:3)
  4 boulder beetles
  2 satyrs (Shoals:4)
  2 merfolk avatars
  3 centaur warriors (D:14)
  A catoblepas (Shoals:4)
  9 two-headed ogres
  3 death yaks (Shoals:4)
  8 merfolk aquamancers
  4 tengu warriors
  A deep troll earth mage (Vaults:1)
  An ironbound beastmaster (Vaults:1)
  4 orc high priests (Orc:2)
  Nergalle (D:11)
  A sixfirhy (Orc:2)
  7 skeletal warriors
  10 sea snakes
  4 deep trolls (Vaults:1)
  3 ironbound convokers (Vaults:1)
  An infernal demonspawn (Orc:2)
  9 orc knights
  29 harpies
  2 deep elf pyromancers
  21 ugly things
  9 orc sorcerers
  21 wolf spiders
  17 orb spiders
  3 oklob plants
  10 fauns
  11 cyclopes
  2 salamanders (Volcano)
  13 manticores
  A centaur zombie (D:11)
  10 merfolk sirens
  A guardian serpent (Lair:6)
  15 elephants
  A moth of wrath (Spider:4)
  8 water nymphs
  10 black mambas
  3 vault sentinels (Vaults:1)
  2 torpor snails
  13 cane toads
  An orange demon (Orc:2)
  A gargoyle (D:12)
  4 centaur skeletons (D:13)
  3 rime drakes
  A smoke demon (Orc:2)
  An unseen horror (D:11)
  19 yaktaurs
  A kobold demonologist (D:10)
  5 komodo dragons
  6 demonic crawlers
  2 freezing wraiths
  A hellwing (Orc:2)
  A red devil (Orc:2)
  17 merfolk
  35 jumping spiders
  4 trolls
  7 hornets
  10 wind drakes
  2 polar bears (Lair:6)
  Prince Ribbit (D:8)
  10 blink frogs
  16 dream sheep
  5 snapping turtles
  A centaur simulacrum (D:14)
  67 redbacks
  Sigmund (D:3)
  4 air elementals (Shoals:4)
  18 water elementals
  28 yaks
  2 dancing weapons
  A shadow (D:8)
  25 tarantellas
  A vampire (D:9)
  6 wraiths
  4 fire elementals (D:12)
  A basilisk (shapeshifter) (D:15)
  3 basilisks
  13 wyverns
  A fire bat (Volcano)
  A chaos spawn (Orc:2)
  5 vampire mosquitoes
  2 wargs (Orc:2)
  4 acid dragons
  27 water moccasins
  7 hell hounds
  34 orc warriors
  2 black bears
  2 ice beasts
  A sky beast (D:7)
  7 wolves
  7 ogres
  7 centaurs
  2 kobold brigands
  Blork the orc (D:6)
  9 bullfrogs
  11 wights
  4 killer bees (D:10)
  6 electric eels
  7 howler monkeys
  A crimson imp (D:5)
  4 hounds
  4 jellies
  2 gnoll shamans
  24 orc priests
  2 iguanas
  20 orc wizards
  Natasha (thrice) (D:3)
  6 hell rats
  A killer bee zombie (D:7)
  2 howler monkey zombies
  9 gnolls
  7 adders
  A howler monkey skeleton (D:5)
  12 river rats (Lair:4)
  An ufetubus (D:5)
  4 worms (D:2)
  A dart slug (D:4)
  79 orcs
  5 ball pythons
  3 endoplasms
  5 giant cockroaches
  14 goblins
  6 hobgoblins
  15 jackals
  16 kobolds
  5 quokkas
  14 bats
  5 frilled lizards
  7 rats
1105 creatures vanquished.

Vanquished Creatures (collateral kills)
  2 merfolk impalers
  A merfolk siren (Shoals:3)
  3 merfolk
  2 orc warriors (Orc:2)
  2 ogres
  2 orc priests (Orc:2)
  5 orcs (Orc:2)
17 creatures vanquished.

Vanquished Creatures (others)
  Louise (Shoals:4)
  An orb spider (Spider:1)
  2 harpies
  A manticore (D:12)
  A demonic crawler (Spider:1)
  A water elemental (Shoals:4)
  14 dancing weapons
  3 orc warriors (Orc:2)
  A bush (D:9)
  28 fungi
  195 plants
248 creatures vanquished.

Grand Total: 1370 creatures vanquished

Notes
Turn   | Place    | Note
-------+----------+-------------------------------------------
     0 | D:1      | Reached skill level 12 in Fighting
     0 | D:1      | SkeletonJelly the Gnoll Wanderer began the quest for the
                  | Orb.
     0 | D:1      | SkeletonJelly set off with the following items: a +0 club,
                  | a +0 robe, a +0 kite shield; and the following spells
                  | available to memorise: Sting, Summon Small Mammal, Spider
                  | Form, Summon Guardian Golem
     0 | D:1      | Reached XP level 1. HP: 31/31 MP: 1/1
    49 | D:1      | Reached XP level 2. HP: 25/38 MP: 2/2
   488 | D:1      | Reached XP level 3. HP: 44/44 MP: 3/3
   770 | D:1      | Found a faded altar of an unknown god.
   864 | D:2      | Reached skill level 1 in Invocations
   881 | D:2      | Reached skill level 1 in Short Blades
   881 | D:2      | Reached skill level 1 in Long Blades
   881 | D:2      | Reached skill level 1 in Axes
   881 | D:2      | Reached skill level 1 in Maces & Flails
   881 | D:2      | Reached skill level 1 in Polearms
   881 | D:2      | Reached skill level 1 in Staves
   881 | D:2      | Reached skill level 1 in Slings
   881 | D:2      | Reached skill level 1 in Crossbows
   881 | D:2      | Reached skill level 1 in Throwing
   881 | D:2      | Reached skill level 1 in Armour
   881 | D:2      | Reached skill level 1 in Dodging
   881 | D:2      | Reached skill level 1 in Stealth
   881 | D:2      | Reached skill level 1 in Unarmed Combat
   881 | D:2      | Reached skill level 1 in Spellcasting
   881 | D:2      | Reached skill level 1 in Evocations
   888 | D:2      | Reached XP level 4. HP: 31/51 MP: 5/5
  1354 | D:2      | Reached skill level 1 in Conjurations
  1354 | D:2      | Reached skill level 1 in Hexes
  1354 | D:2      | Reached skill level 1 in Summonings
  1354 | D:2      | Reached skill level 1 in Necromancy
  1354 | D:2      | Reached skill level 1 in Translocations
  1354 | D:2      | Reached skill level 1 in Transmutations
  1354 | D:2      | Reached skill level 1 in Fire Magic
  1354 | D:2      | Reached skill level 1 in Ice Magic
  1354 | D:2      | Reached skill level 1 in Air Magic
  1354 | D:2      | Reached skill level 1 in Earth Magic
  1354 | D:2      | Reached skill level 1 in Poison Magic
  1485 | D:2      | Reached XP level 5. HP: 56/57 MP: 6/6
  2180 | D:3      | Noticed an ogre
  2187 | D:3      | Killed an ogre
  2188 | D:3      | Reached XP level 6. HP: 59/64 MP: 8/8
  2265 | D:3      | Got An Introduction to Wizardry
  2372 | D:3      | Noticed Sigmund
  2499 | D:3      | Noticed Natasha
  2504 | D:3      | Killed Natasha
  2610 | D:3      | Noticed Natasha
  2616 | D:3      | Killed Natasha
  2617 | D:3      | Reached skill level 5 in Bows
  2617 | D:3      | Reached skill level 5 in Shields
  2625 | D:3      | Noticed Natasha
  2634 | D:3      | Killed Natasha
  2765 | D:3      | Killed Sigmund
  2766 | D:3      | Reached XP level 7. HP: 54/70 MP: 10/10
  3502 | D:4      | Identified the +3 ring mail of Uskayaw's Delight {Rampage
                  | rC+ Str-5 SInv}
  3556 | D:4      | Identified the +10 falchion "Kircheike" {protect, Will+}
  3832 | D:5      | Entered Level 5 of the Dungeon
  4314 | D:5      | Found a staircase to the Ecumenical Temple.
  4393 | Temple   | Entered the Ecumenical Temple
  4639 | Temple   | Became a worshipper of Warmaster Okawaru
  5078 | D:5      | Reached XP level 8. HP: 44/77 MP: 12/12
  5229 | D:5      | Found a bloodstained altar of Trog.
  5233 | D:5      | Found an ornate altar of the Wu Jian Council.
  5546 | D:5      | Found a burning altar of Makhleb.
  5547 | D:5      | Found a radiant altar of Vehumet.
  6145 | D:6      | Noticed Blork the orc
  6155 | D:6      | Killed Blork the orc
  6205 | D:6      | Reached * piety under Okawaru
  6573 | D:7      | Identified a scroll of acquirement
  6608 | D:7      | Reached XP level 9. HP: 70/83 MP: 14/14
  6662 | D:7      | Reached ** piety under Okawaru
  6713 | D:7      | Found a runed translucent door.
  6714 | D:7      | Found a shimmering altar of Xom.
  6714 | D:7      | Noticed indyram44's ghost (novice DsBe)
  6715 | D:7      | Noticed a +0 war axe of chaos
  6894 | D:7      | Found a flagged portal.
  6919 | Bailey   | Entered a bailey
  6939 | Bailey   | Noticed an orc knight
  6977 | Bailey   | Killed an orc knight
  7179 | Bailey   | Noticed an orc knight
  7197 | Bailey   | Killed an orc knight
  7198 | Bailey   | Reached skill level 5 in Invocations
  7208 | Bailey   | Found a bloodstained altar of Trog.
  7728 | D:7      | Reached *** piety under Okawaru
  7791 | D:7      | Reached XP level 10. HP: 80/91 MP: 17/17
  8285 | D:8      | Noticed a two-headed ogre
  8294 | D:8      | Killed a two-headed ogre
  8295 | D:8      | Reached skill level 5 in Short Blades
  8295 | D:8      | Reached skill level 5 in Long Blades
  8295 | D:8      | Reached skill level 5 in Axes
  8295 | D:8      | Reached skill level 5 in Maces & Flails
  8295 | D:8      | Reached skill level 5 in Polearms
  8295 | D:8      | Reached skill level 5 in Staves
  8295 | D:8      | Reached skill level 5 in Slings
  8295 | D:8      | Reached skill level 5 in Crossbows
  8295 | D:8      | Reached skill level 5 in Throwing
  8295 | D:8      | Reached skill level 5 in Armour
  8295 | D:8      | Reached skill level 5 in Dodging
  8295 | D:8      | Reached skill level 5 in Stealth
  8295 | D:8      | Reached skill level 5 in Unarmed Combat
  8295 | D:8      | Reached skill level 5 in Spellcasting
  8295 | D:8      | Reached skill level 5 in Evocations
  8444 | D:8      | Noticed Prince Ribbit
  8451 | D:8      | Killed Prince Ribbit
  8773 | D:8      | Reached skill level 13 in Fighting
  9020 | D:8      | Reached **** piety under Okawaru
  9054 | D:8      | Noticed Harold
  9077 | D:8      | Killed Harold
  9499 | D:9      | Received a gift from Okawaru
  9710 | D:9      | Found a staircase to the Lair.
  9730 | D:9      | Reached XP level 11. HP: 62/98 MP: 17/19
  9732 | D:9      | Reached ***** piety under Okawaru
  9785 | D:9      | Received a gift from Okawaru
 10044 | D:9      | Reached skill level 5 in Conjurations
 10044 | D:9      | Reached skill level 5 in Hexes
 10044 | D:9      | Reached skill level 5 in Summonings
 10044 | D:9      | Reached skill level 5 in Necromancy
 10044 | D:9      | Reached skill level 5 in Translocations
 10044 | D:9      | Reached skill level 5 in Transmutations
 10044 | D:9      | Reached skill level 5 in Fire Magic
 10044 | D:9      | Reached skill level 5 in Ice Magic
 10044 | D:9      | Reached skill level 5 in Air Magic
 10044 | D:9      | Reached skill level 5 in Earth Magic
 10044 | D:9      | Reached skill level 5 in Poison Magic
 10295 | D:9      | Noticed a two-headed ogre
 10310 | D:9      | Killed a two-headed ogre
 10524 | D:9      | Paralysed by a hornet for 1 turns
 11159 | D:10     | Entered Level 10 of the Dungeon
 11175 | D:10     | Identified the ring of Lugonu's Reproof {rPois rF+ Int+3
                  | Dex+2}
 11176 | D:10     | Noticed a two-headed ogre
 11196 | D:9      | Killed a two-headed ogre
 12045 | D:11     | Noticed a cyclops
 12055 | D:11     | Killed a cyclops
 12929 | D:11     | Noticed Nergalle
 12947 | D:11     | Killed Nergalle
 12948 | D:11     | Reached XP level 12. HP: 63/105 MP: 22/22
 13616 | D:12     | Noticed Nessos
 13621 | D:12     | Killed Nessos
 13621 | D:12     | Received a gift from Okawaru
 13821 | D:12     | Noticed a six-headed hydra
 13842 | D:12     | Killed a seven-headed hydra
 14484 | D:12     | Noticed TerrariaFan's ghost (journeyman MiFi)
 14590 | D:12     | Noticed an ettin
 14599 | D:12     | Found a runed translucent gate.
 14599 | D:12     | Found a runed translucent gate.
 14599 | D:12     | Found a runed translucent gate.
 14692 | D:12     | Noticed Azrael
 14716 | D:12     | Killed Azrael
 15147 | D:12     | Found a staircase to the Orcish Mines.
 15296 | D:12     | Found Arecumma's General Store.
 15648 | D:12     | Bought a scroll of acquirement for 780 gold pieces
 15651 | D:12     | Acquired 688 gold pieces
 15800 | D:13     | Noticed a death knight
 15844 | D:13     | Killed a death knight
 15889 | D:13     | Received a gift from Okawaru
 16319 | D:13     | Noticed a two-headed ogre
 16356 | D:13     | Received a gift from Okawaru
 16357 | D:13     | Reached XP level 13. HP: 25/112 MP: 22/24
 16757 | D:13     | Reached skill level 14 in Fighting
 16803 | D:13     | HP: 3/113 [two-headed ogre (9)]
 17567 | D:13     | Found a gate to the Vaults.
 18970 | D:14     | Received a gift from Okawaru
 19523 | D:14     | Reached ****** piety under Okawaru
 19523 | D:14     | Identified the +2 kite shield of the Sun {rElec} (Okawaru
                  | gifted it to you on level 14 of the Dungeon)
 19523 | D:14     | Received a gift from Okawaru
 19638 | D:14     | Reached XP level 14. HP: 86/121 MP: 26/26
 19673 | D:14     | Reached skill level 10 in Bows
 19673 | D:14     | Reached skill level 10 in Shields
 20283 | Lair:1   | Entered Level 1 of the Lair of Beasts
 21353 | Lair:2   | Found a shimmering blue altar of Sif Muna.
 21781 | Lair:2   | Reached skill level 10 in Invocations
 22073 | Lair:2   | Found a hole to the Spider Nest.
 22634 | Lair:3   | Found a staircase to the Shoals.
 23496 | Lair:4   | Received a gift from Okawaru
 23497 | Lair:4   | Found the +7 Kryia's mail coat {PotionHeal*2 rC+}
 23677 | Lair:4   | Acquired 499 gold pieces
 24553 | Lair:4   | Found a blossoming altar of Fedhas.
 25724 | Lair:5   | Identified the +9 long sword "Xiumypn" {pain, rElec rC+
                  | rCorr Stlth+}
 25895 | Lair:6   | Entered Level 6 of the Lair of Beasts
 26293 | Lair:6   | Reached XP level 15. HP: 126/127 MP: 28/28
 27147 | Lair:6   | Received a gift from Okawaru
 27412 | Lair:6   | Reached skill level 10 in Short Blades
 27412 | Lair:6   | Reached skill level 10 in Long Blades
 27412 | Lair:6   | Reached skill level 10 in Axes
 27412 | Lair:6   | Reached skill level 10 in Maces & Flails
 27412 | Lair:6   | Reached skill level 10 in Polearms
 27412 | Lair:6   | Reached skill level 10 in Staves
 27412 | Lair:6   | Reached skill level 10 in Slings
 27412 | Lair:6   | Reached skill level 10 in Crossbows
 27412 | Lair:6   | Reached skill level 10 in Throwing
 27412 | Lair:6   | Reached skill level 10 in Armour
 27412 | Lair:6   | Reached skill level 10 in Dodging
 27412 | Lair:6   | Reached skill level 10 in Stealth
 27412 | Lair:6   | Reached skill level 10 in Unarmed Combat
 27412 | Lair:6   | Reached skill level 10 in Spellcasting
 27412 | Lair:6   | Reached skill level 10 in Evocations
 27574 | Lair:6   | Received a gift from Okawaru
 27887 | Lair:6   | Reached skill level 15 in Fighting
 28112 | Lair:6   | Learned a level 4 spell: Olgreb's Toxic Radiance
 28118 | Lair:6   | Learned a level 5 spell: Manifold Assault
 28271 | Lair:6   | Found a viscous altar of Jiyva.
 28271 | Lair:6   | Found a staircase to the Slime Pits.
 28783 | Lair:6   | Identified the +4 scale mail of Inference {rCorr Dex+4
                  | Stlth-}
 29035 | Orc:1    | Entered Level 1 of the Orcish Mines
 29168 | Orc:1    | Found a dark tunnel.
 29181 | Volcano  | Entered a volcano
 30076 | Volcano  | Upgraded the game from 0.27-a0-1500-g450c7e4133 to
                  | 0.27-a0-1525-g1038ab4fd7
 30541 | Orc:1    | Learned a level 3 spell: Tukima's Dance
 30797 | Orc:2    | Entered Level 2 of the Orcish Mines
 30797 | Orc:2    | Found a staircase to the Elven Halls.
 30860 | Orc:2    | Learned a level 3 spell: Mephitic Cloud
 31244 | Orc:2    | Learned a level 3 spell: Summon Guardian Golem
 31542 | Orc:2    | Found Jyes's Jewellery Shoppe.
 31969 | Orc:2    | Found Vaabeg's General Store.
 31972 | Orc:2    | Found Paonlot's General Store.
 32391 | Orc:2    | Received a gift from Okawaru
 32824 | Orc:2    | Paralysed by an orc sorcerer for 7 turns
 32837 | Orc:2    | Reached XP level 16. HP: 63/132 MP: 20/30
 33094 | Orc:2    | Found Hirch's Antique Armour Shop.
 33094 | Orc:2    | Found Yzinef Dian's Book Boutique.
 33102 | Orc:2    | Found a one-way gate leading to the halls of Pandemonium.
 33761 | D:15     | Entered Level 15 of the Dungeon
 34077 | D:15     | Received a gift from Okawaru
 35122 | D:15     | Learned a level 3 spell: Gell's Gravitas
 35645 | D:15     | Found a staircase to the Depths.
 35660 | D:15     | Identified the +1 scale mail "Joakleoc" {rElec} (Okawaru
                  | gifted it to you on level 15 of the Dungeon)
 35660 | D:15     | Received a gift from Okawaru
 35966 | D:15     | Found a broken altar of Ashenzari.
 36520 | Shoals:1 | Entered Level 1 of the Shoals
 36675 | Shoals:1 | Found Erghos's Magic Scroll Boutique.
 36684 | Shoals:1 | Upgraded the game from 0.27-a0-1525-g1038ab4fd7 to
                  | 0.27-a0-1565-gad902ab807
 37706 | Shoals:1 | Found a runed translucent gate.
 37706 | Shoals:1 | Found a runed translucent gate.
 37706 | Shoals:1 | Found a runed translucent gate.
 38049 | Shoals:1 | Bought a scroll of acquirement for 676 gold pieces
 38049 | Shoals:1 | Acquired the +0 pair of boots of Courage {rN+ Dex+3}
 38919 | Shoals:2 | Received a gift from Okawaru
 39167 | Shoals:2 | Acquired 1261 gold pieces
 39294 | Shoals:2 | Reached XP level 17. HP: 110/143 MP: 27/32
 40050 | Shoals:3 | Found a transporter.
 40054 | Shoals:3 | Found a transporter.
 40059 | Shoals:3 | Found a bloodstained altar of Trog.
 40059 | Shoals:3 | Noticed epicjoe's ghost (journeyman MiFi)
 40561 | Shoals:3 | Received a gift from Okawaru
 41113 | Shoals:4 | Entered Level 4 of the Shoals
 41142 | Shoals:4 | Paralysed by an air elemental for 1 turns
 41158 | Shoals:4 | Paralysed by an air elemental for 1 turns
 41163 | Shoals:4 | Identified the +11 hand axe "Wealeh" {pain, MP-9 Dex+6}
                  | (Okawaru gifted it to you on level 4 of the Shoals)
 41163 | Shoals:4 | Received a gift from Okawaru
 41783 | Shoals:4 | Paralysed by an air elemental for 1 turns
 42683 | Shoals:4 | Identified the +3 arbalest "Zoiduc" {penet, rElec}
 42885 | Shoals:4 | Noticed a titan
 42924 | Shoals:4 | Killed a titan
 42924 | Shoals:4 | Received a gift from Okawaru
 43675 | Shoals:4 | Received a gift from Okawaru
 43838 | Shoals:4 | Reached skill level 10 in Conjurations
 43838 | Shoals:4 | Reached skill level 10 in Hexes
 43838 | Shoals:4 | Reached skill level 10 in Summonings
 43838 | Shoals:4 | Reached skill level 10 in Necromancy
 43838 | Shoals:4 | Reached skill level 10 in Translocations
 43838 | Shoals:4 | Reached skill level 10 in Transmutations
 43838 | Shoals:4 | Reached skill level 10 in Fire Magic
 43838 | Shoals:4 | Reached skill level 10 in Ice Magic
 43838 | Shoals:4 | Reached skill level 10 in Air Magic
 43838 | Shoals:4 | Reached skill level 10 in Earth Magic
 43838 | Shoals:4 | Reached skill level 10 in Poison Magic
 43934 | Shoals:4 | Reached skill level 16 in Fighting
 44230 | Shoals:4 | Found a stormy altar of Qazlal.
 44296 | Shoals:4 | Noticed Louise
 44297 | Shoals:4 | Noticed Polyphemus
 44357 | Shoals:4 | Killed Louise
 44839 | Shoals:4 | Got a barnacled rune of Zot
 44896 | Shoals:4 | Found a shimmering altar of Xom.
 45764 | Shoals:4 | Reached XP level 18. HP: 149/151 MP: 33/33
 45821 | Shoals:4 | Killed Polyphemus
 46390 | Spider:1 | Entered Level 1 of the Spider Nest
 47078 | Spider:1 | Noticed Josephine
 47083 | Spider:1 | Received a gift from Okawaru
 47089 | Spider:1 | Killed Josephine
 48498 | Spider:3 | Received a gift from Okawaru
 49266 | Spider:4 | Entered Level 4 of the Spider Nest
 49572 | Spider:4 | Received a gift from Okawaru
 49616 | Spider:4 | Found the macabre finger necklace {rN+}
 50037 | Orc:2    | Bought a +4 ring of slaying for 1092 gold pieces
 50734 | Spider:4 | Identified the ring of Nonech {rF+ rCorr Dex+6 Slay+2}
 51240 | Spider:4 | Received a gift from Okawaru
 51281 | Spider:4 | Received a gift from Okawaru
 51315 | Spider:4 | Reached XP level 19. HP: 58/159 MP: 3/35
 51364 | Spider:4 | Received a gift from Okawaru
 51718 | Spider:4 | Received a gift from Okawaru
 52365 | Spider:4 | Got a gossamer rune of Zot
 52800 | Vaults:1 | Entered Level 1 of the Vaults
 53297 | Vaults:1 | Received a gift from Okawaru
 53323 | Vaults:1 | Paralysed by an ogre mage for 3 turns
 53546 | Vaults:1 | HP: 6/159 [vault warden (9)]
 53674 | Vaults:1 | Slain by a vault warden

Illustrated notes

Levels and vault maps discovered:
D:1:      eino_arrival_water_star, layout_rooms,
          shapermc_ecumenical_altar_hornbeckon
D:2:      wad_river_or_something, layout_basic, minmay_pentomino_u4
D:3:      layout_loops_ring, uniq_sigmund, uniq_natasha
D:4:      layout_loops_ring
D:5:      layout_layer_cave, grunt_temple_overflow_lords_of_destruction,
          nicolae_overflow_hidden_temple, minmay_temple_entry_junction_2,
          serial_park_tiny_pond
D:6:      layout_cave_pools, uniq_blork_the_orc
D:7:      layout_cave_pods, enter_bailey_5, ebering_ghost_xom, nicolae_sextant
D:8:      layout_layer_cave, uniq_harold, uniq_prince_ribbit1
D:9:      layout_roguey, minmay_lair_entry_grove, serial_rivers,
          chequers_serial_rivers_large_b, chequers_serial_rivers_small_3,
          chequers_serial_rivers_room_b, chequers_serial_rivers_marsh,
          chequers_serial_rivers_micro_d, chequers_serial_rivers_micro_a,
          moated_statue
D:10:     layout_big_octagon, minmay_tree_intersection, feat_on_display
D:11:     layout_loops_corners, uniq_nergalle
D:12:     layout_roguey, erik_orc_2, serial_shops, shop, gammafunk_ghost_split,
          uniq_nessos, uniq_azrael
D:13:     layout_basic, hangedman_vaults_entry_quadrant_bands
D:14:     layout_roguey
D:15:     hangedman_depths_entry_try_elsewhere_first, layout_basic,
          nicolae_ashenzari_skybound
Temple:   dpeg_five_rooms_temple
Lair:1:   layout_gridlike, grunt_megastairs_3
Lair:2:   layout_gridlike, spider_nest_entry_rubble, basic_altar,
          grunt_megastairs_5, infiniplex_staircase_pool
Lair:3:   layout_cave_pods, minmay_shoals_entry_beasts, grunt_megastairs_4
Lair:4:   layout_layer_cave, hangedman_tree_tricks, kennysheep_rathole
Lair:5:   layout_loops_ring, serial_bayou_pond_c, minivault_23
Lair:6:   hangedman_lair_tendril_chambers, layout_gridlike,
          dpeg_slime_entry_enclosed_altar
Shoals:1: layout_shoals, serial_shops, shop, nicolae_shoals_beach_cooler
Shoals:2: layout_shoals, nicolae_shoals_seven_spires, st_sunken_huts
Shoals:3: layout_shoals, gammafunk_ghost_wrathful_warriors, abandoned_shop
Shoals:4: shoals_end_hellmonk_storm_palace [storm_palace_center_circular,
          storm_palace_corner_grid, storm_palace_corner_reverse_hut,
          storm_palace_corner_altar, storm_palace_corner_altar],
          uniq_polyphemus, uniq_louise
Spider:1: layout_spider_delve, nicolae_spider_orb_run, uniq_josephine
Spider:2: layout_spider_delve, hangedman_spider_tarantella_strand
Spider:3: cheibrodos_forgotten_conduit
Spider:4: grunt_spider_rune_circles
Orc:1:    layout_caves, enter_volcano_3, mines3_lemuel
Orc:2:    pf_orc_diabolical, layout_caves, serial_shops, shop
Vaults:1: nicolae_vaults_twisting_passages, dpeg_vaults_pockets_of_resistance,
          vaults_room_grunt_arrival_ludios, vaults_room_door_ring,
          v_alt_pattern_6, nicolae_vaults_network_quinsquares
          [nicolae_vaults_network_quincunx_subvault,
          nicolae_vaults_network_quincunx_subvault,
          nicolae_vaults_network_quincunx_subvault,
          nicolae_vaults_network_quincunx_subvault], v_alt_pattern_1,
          vaults_room_semicircle, v_rooms_4, vaults_room_pool, serial_ice_m,
          layout_vaults_omnicross, serial_shops, nicolae_shop_behind_doors

Skill      XL: |  1  2  3  4  5  6  7  8  9 10 11 12 13 14 15 16 17 18 19 |
---------------+----------------------------------------------------------+-----
Fighting       | 13 14 15 16 | 16.7
Invocations    | 1 2 3 4 5 6 7 8 9 10 11 12 13 | 13.8
Short Blades   | 1 2 3 4 5 6 7 8 9 10 11 12 | 12.8
Long Blades    | 1 2 3 4 5 6 7 8 9 10 11 12 | 12.8
Axes           | 1 2 3 4 5 6 7 8 9 10 11 12 | 12.8
Maces & Flails | 1 2 3 4 5 6 7 8 9 10 11 12 | 12.8
Polearms       | 1 2 3 4 5 6 7 8 9 10 11 12 | 12.8
Staves         | 1 2 3 4 5 6 7 8 9 10 11 12 | 12.8
Slings         | 1 2 3 4 5 6 7 8 9 10 11 12 | 12.8
Crossbows      | 1 2 3 4 5 6 7 8 9 10 11 12 | 12.8
Throwing       | 1 2 3 4 5 6 7 8 9 10 11 12 | 12.8
Armour         | 1 2 3 4 5 6 7 8 9 10 11 12 | 12.8
Dodging        | 1 2 3 4 5 6 7 8 9 10 11 12 | 12.8
Stealth        | 1 2 3 4 5 6 7 8 9 10 11 12 | 12.8
Unarmed Combat | 1 2 3 4 5 6 7 8 9 10 11 12 | 12.8
Spellcasting   | 1 2 3 4 5 6 7 8 9 10 11 12 | 12.8
Evocations     | 1 2 3 4 5 6 7 8 9 10 11 12 | 12.8
Conjurations   | 1 2 3 4 5 6 7 8 9 10 11 | 11.0
Hexes          | 1 2 3 4 5 6 7 8 9 10 11 | 11.0
Summonings     | 1 2 3 4 5 6 7 8 9 10 11 | 11.0
Necromancy     | 1 2 3 4 5 6 7 8 9 10 11 | 11.0
Translocations | 1 2 3 4 5 6 7 8 9 10 11 | 11.0
Transmutations | 1 2 3 4 5 6 7 8 9 10 11 | 11.0
Fire Magic     | 1 2 3 4 5 6 7 8 9 10 11 | 11.0
Ice Magic      | 1 2 3 4 5 6 7 8 9 10 11 | 11.0
Air Magic      | 1 2 3 4 5 6 7 8 9 10 11 | 11.0
Earth Magic    | 1 2 3 4 5 6 7 8 9 10 11 | 11.0
Poison Magic   | 1 2 3 4 5 6 7 8 9 10 11 | 11.0
Bows           | 5 6 7 8 9 10 11 12 13 | 13.5
Shields        | 5 6 7 8 9 10 11 12 13 | 13.5

Action                   |  1- 3 |  4- 6 |  7- 9 | 10-12 | 13-15 | 16-18 | 19-21 || total
-------------------------+-------+-------+-------+-------+-------+-------+-------++-------
Melee: Short sword       |    82 |   166 |    43 |       |       |       |       ||   291
       Bite              |     9 |    14 |    36 |    84 |   358 |   436 |   135 ||  1072
       Falchion          |       |       |   199 |   636 |  1489 |  1945 |   460 ||  4729
       Whip              |       |       |       |     9 |    67 |    12 |       ||    88
       Long sword        |       |       |       |       |    97 |       |       ||    97
       Hand axe          |       |       |       |       |       |    73 |       ||    73
Throw: Dart              |     1 |       |       |    18 |    16 |     5 |       ||    40
 Cast: Tukima's Dance    |       |       |       |       |    42 |    66 |       ||   108
       Olgreb's Toxic Ra |       |       |       |       |    17 |    90 |    15 ||   122
       Mephitic Cloud    |       |       |       |       |    16 |    40 |    10 ||    66
       Summon Guardian G |       |       |       |       |     8 |    10 |     1 ||    19
       Manifold Assault  |       |       |       |       |       |    29 |     4 ||    33
       Gell's Gravitas   |       |       |       |       |       |     1 |       ||     1
Invok: Heroism           |       |       |     3 |     7 |    10 |     7 |     2 ||    29
       Finesse           |       |       |       |     3 |       |     3 |       ||     6
Evoke: Wand              |       |     6 |    13 |    29 |     7 |    43 |     6 ||   104
       Lightning rod     |       |       |       |     4 |     2 |     5 |       ||    11
       Piece from Xom's  |       |       |       |       |     4 |       |       ||     4
       Condenser vane    |       |       |       |       |       |     3 |       ||     3
  Use: Scroll            |       |     5 |     3 |     2 |    17 |     5 |     1 ||    33
       Potion            |       |     1 |     1 |       |     1 |     4 |     3 ||    10
 Stab: Paralysed         |       |       |    12 |       |       |    13 |       ||    25
       Sleeping          |       |       |       |     2 |     3 |    11 |     1 ||    17
       Distracted        |       |       |       |     1 |     1 |     6 |       ||     8
       Confused          |       |       |       |       |    18 |    30 |    15 ||    63
       Petrified         |       |       |       |       |       |    12 |       ||    12
Armor: Robe              |     6 |       |       |       |       |       |       ||     6
       Scale mail        |    31 |    85 |   110 |    10 |   403 |   738 |   150 ||  1527
       Skin              |       |    10 |       |       |       |       |       ||    10
       Acid dragon scale |       |       |       |    61 |       |       |       ||    61
       Chain mail        |       |       |       |   223 |   296 |       |       ||   519
Dodge: Dodged            |    28 |    68 |   121 |   229 |   621 |   964 |   308 ||  2339
Block: Kite shield       |    53 |    72 |   192 |   413 |  1587 |  1871 |   393 ||  4581
       Reflection        |       |       |       |       |    17 |    47 |       ||    64
       Rpst.: Falchion   |       |       |    18 |    58 |   119 |   169 |    49 ||   413
       Long sword        |       |       |       |       |    12 |       |       ||    12

Table legend: (Time is in decaauts)
 A = Elapsed time spent in this place.
 B = Non-inter-level travel time spent in this place.
 C = Inter-level travel time spent in this place.
 D = Time resting spent in this place.
 E = Time spent auto-exploring this place.
 F = Levels seen in this place.
 G = Mean time per level.
                   A        B        C        D        E       F      G
               +--------+--------+--------+--------+--------+-----+--------+
         Total |  53438 |  49881 |   3557 |     98 |  39940 |  35 | 1526.8 |
       Dungeon |  23217 |  21216 |   2001 |      2 |  17525 |  15 | 1547.8 |
        Temple |    296 |    214 |     82 |      0 |    212 |   1 |  296.0 |
          Lair |   8898 |   8214 |    684 |      0 |   6758 |   6 | 1483.0 |
        Shoals |   9794 |   9478 |    316 |      0 |   7449 |   4 | 2448.5 |
   Spider Nest |   5479 |   5234 |    245 |     15 |   4043 |   4 | 1369.8 |
  Orcish Mines |   3354 |   3127 |    227 |      0 |   2343 |   2 | 1677.0 |
        Vaults |    792 |    792 |      0 |     56 |    385 |   1 |  792.0 |
        Bailey |    337 |    337 |      0 |      0 |    209 |   1 |  337.0 |
       Volcano |   1268 |   1268 |      0 |     25 |   1014 |   1 | 1268.0 |
               +--------+--------+--------+--------+--------+-----+--------+

Top non-repeatable levels by time:
Shoals:4: 4325 daAuts
    D:13: 3167 daAuts
  Lair:6: 2639 daAuts
   Orc:2: 2478 daAuts
    D:15: 2427 daAuts
    D:12: 2348 daAuts
Shoals:3: 2202 daAuts
     D:9: 2172 daAuts
Spider:4: 1964 daAuts
Shoals:1: 1784 daAuts
    D:11: 1778 daAuts
  Lair:4: 1653 daAuts
     D:5: 1600 daAuts
    D:14: 1504 daAuts
Shoals:2: 1483 daAuts
